 Dungeon Crawl Stone Soup version 0.32-a0-12-g7fc57aa741 (webtiles) character file.

Game seed: 14228694240806734671

65 hikkokomori the Covered (level 4, -2/34 HPs)
             Began as a Gnoll Wanderer on Jan 15, 2024.
             Splashed by a jelly's acid (8 damage)
             ... on level 2 of the Dungeon.
             The game lasted 00:01:42 (1388 turns).

hikkokomori the Covered (Gnoll Wanderer)            Turns: 1388, Time: 00:01:43

Health: -2/34      AC: -2    Str: 15    XL:     4   Next: 14%
Magic:  8/8        EV:  9    Int: 10    God:
Gold:   57         SH:  0    Dex: 11    Spells: 9/9 levels left

rFire   . . .        h - +0 hand axe
rCold   . . .        (no shield)
rNeg    . . .        c - +2 scale mail
rPois   .            (no helmet)
rElec   .            (no cloak)
rCorr   .            (no gloves)
SInv    .            (no boots)
Will    .....        (no amulet) Stlth
                     (no ring)
HPRegen 0.25/turn    (no ring)
MPRegen 0.11/turn

%: no passive effects
@: corroded
A: fangs 1, strong nose, distributed training
a: no special abilities


You were on level 2 of the Dungeon.
You visited 1 branch of the dungeon, and saw 2 of its levels.

You collected 57 gold pieces.

Inventory:

Hand Weapons
 a - a +0 dagger
 h - a +0 hand axe (weapon)
Missiles
 b - 7 boomerangs (quivered)
Armour
 c - a +2 scale mail (worn)
Scrolls
 e - a scroll of blinking {unknown}
 f - a scroll of identify
 g - a scroll of amnesia
Potions
 d - 2 potions of heal wounds
 i - a potion of mutation {unknown}
 j - a potion of haste {unknown}


   Skills:
 + Level 2.7 Fighting
 + Level 1.1 Short Blades
 + Level 1.1 Long Blades
 + Level 1.1 Axes
 + Level 1.1 Maces & Flails
 + Level 1.1 Polearms
 + Level 1.1 Staves
 + Level 1.1 Ranged Weapons
 + Level 6.6 Throwing
 + Level 6.6 Armour
 + Level 1.1 Dodging
 + Level 1.1 Stealth
 + Level 1.1 Shields
 + Level 1.1 Unarmed Combat
 + Level 3.0 Spellcasting
 + Level 0.8 Conjurations
 + Level 0.8 Hexes
 + Level 0.8 Summonings
 + Level 0.8 Necromancy
 + Level 3.8 Translocations
 + Level 0.8 Fire Magic
 + Level 0.8 Ice Magic
 + Level 0.8 Air Magic
 + Level 0.8 Earth Magic
 + Level 0.8 Alchemy
 + Level 1.2 Invocations
 + Level 1.1 Evocations
 + Level 1.0 Shapeshifting


You had 9 spell levels left.
You didn't know any spells.
Your spell library contained the following spells:

 Spells                   Type           Power      Damage    Failure   Level
 Blink                    Tloc           18%        N/A       28%         2
 Lesser Beckoning         Tloc           18%        N/A       28%         2
 Mercury Vapours          Alch/Air       6%         N/A       69%         2
 Mephitic Cloud           Conj/Alch/Air  3%         N/A       89%         3
 Freezing Cloud           Conj/Ice/Air   1%         6-21      100%        5


Dungeon Overview and Level Annotations

Branches:
Dungeon (2/15)

Altars:


Innate Abilities, Weirdness & Mutations

You have very sharp teeth.
Your uncanny sense of smell can sniff out nearby items.
Your experience applies equally to all skills.


Message History

You are too injured to fight recklessly!
You are too injured to fight recklessly!
You are too injured to fight recklessly!
You are too injured to fight recklessly!
A jelly is nearby!
Unknown command.
You barely miss the jelly. You bite the jelly, but do no damage.
The jelly is lightly wounded.
The jelly hits you. The acid corrodes you!
You are splashed with acid!
* * * LOW HITPOINT WARNING * * *
You hit the jelly but do no damage.
Your hands burn!
* * * LOW HITPOINT WARNING * * *
The jelly is lightly wounded.
The jelly closely misses you.
Unknown command.
Okay, then.
Okay, then.
You feel much better. The jelly hits you.
You are splashed with acid!
You hit the jelly but do no damage.
Your hands burn!
The jelly is lightly wounded.
The jelly closely misses you.
Unknown command.
You barely miss the jelly.
The jelly is lightly wounded.
The jelly closely misses you. The jelly hits you.
You are splashed with acid!
A rat comes into view.
Unknown command.
The rat squeaks loudly.
You hit the jelly but do no damage. The acid corrodes you!
Your hands burn!
* * * LOW HITPOINT WARNING * * *
The jelly is lightly wounded.
The jelly closely misses you.
Unknown command.
You hit the jelly but do no damage.
Your hands burn!
* * * LOW HITPOINT WARNING * * *
The jelly is lightly wounded.
The jelly hits you.
* * * LOW HITPOINT WARNING * * *
You are splashed with acid!
You die...

############### #
......†@......# #
###.<.J#.####.# #
#.r...###.# #.# #
.....# ##.##.# #
#.... ##.###†# #
.... #......# #
..#
...###..##########
#.
#.................
...###(.##########


You could see a jelly and a rat.

Vanquished Creatures
  A gnoll (D:1)
  2 adders (D:2)
  2 dart slugs (D:1)
  A ribbon worm (D:2)
  5 bats
  2 endoplasms (D:1)
  A giant cockroach (D:2)
  A goblin (D:2)
  3 hobgoblins
  3 kobolds (D:1)
  2 quokkas (D:1)
  3 ball pythons (D:1)
  3 frilled lizards (D:1)
  3 rats (D:1)
32 creatures vanquished.

Notes
Turn   | Place    | Note
-------+----------+-------------------------------------------
     0 | D:1      | hikkokomori the Gnoll Wanderer began the quest for the Orb.
     0 | D:1      | hikkokomori set off with the following items: a +0 dagger,
                  | 7 boomerangs, a +2 scale mail, a potion of heal wounds; and
                  | the following spells available to memorise: Blink, Lesser
                  | Beckoning.
     0 | D:1      | Reached XP level 1. HP: 17/17 MP: 4/4
   123 | D:1      | Reached XP level 2. HP: 23/23 MP: 5/5
   458 | D:1      | Reached XP level 3. HP: 24/28 MP: 7/7
   609 | D:1      | Reached skill level 1 in Invocations
  1189 | D:2      | Reached skill level 1 in Short Blades
  1189 | D:2      | Reached skill level 1 in Long Blades
  1189 | D:2      | Reached skill level 1 in Axes
  1189 | D:2      | Reached skill level 1 in Maces & Flails
  1189 | D:2      | Reached skill level 1 in Polearms
  1189 | D:2      | Reached skill level 1 in Staves
  1189 | D:2      | Reached skill level 1 in Ranged Weapons
  1189 | D:2      | Reached skill level 1 in Dodging
  1189 | D:2      | Reached skill level 1 in Stealth
  1189 | D:2      | Reached skill level 1 in Shields
  1189 | D:2      | Reached skill level 1 in Unarmed Combat
  1189 | D:2      | Reached skill level 1 in Evocations
  1233 | D:2      | Reached skill level 1 in Shapeshifting
  1233 | D:2      | Reached XP level 4. HP: 34/34 MP: 8/8
  1388 | D:2      | Splashed by a jelly's acid

Illustrated notes

Levels and vault maps discovered:
D:1:      erik_arrival_orb_chamber, layout_basic
D:2:      layout_loops_ring, serial_forest, infiniplex_forest_clump_C,
          infiniplex_forest_end_1, infiniplex_forest_zigzag_1,
          infiniplex_forest_lined_3, infiniplex_forest_clump_curved,
          item_on_display_a, uniq_crazy_yiuf_cottage

Skill      XL: |  1  2  3  4 |
---------------+-------------+-----
Invocations    | 1 |  1.2
Short Blades   | 1 |  1.1
Long Blades    | 1 |  1.1
Axes           | 1 |  1.1
Maces & Flails | 1 |  1.1
Polearms       | 1 |  1.1
Staves         | 1 |  1.1
Ranged Weapons | 1 |  1.1
Dodging        | 1 |  1.1
Stealth        | 1 |  1.1
Shields        | 1 |  1.1
Unarmed Combat | 1 |  1.1
Evocations     | 1 |  1.1
Shapeshifting  | 1 |  1.0
Spellcasting   | 3 |  3.0
Fighting       | |  2.7
Throwing       | |  6.6
Armour         | |  6.6
Conjurations   | |  0.8
Hexes          | |  0.8
Summonings     | |  0.8
Necromancy     | |  0.8
Translocations | |  3.8
Fire Magic     | |  0.8
Ice Magic      | |  0.8
Air Magic      | |  0.8
Earth Magic    | |  0.8
Alchemy        | |  0.8

Action                     |  1- 3 |  4- 6 || total
---------------------------+-------+-------++-------
  Melee: Dagger            |   111 |       ||   111
         Bite              |    11 |     5 ||    16
         Hand axe          |    35 |    26 ||    61
         Punch             |     1 |       ||     1
    Use: Scroll            |     1 |       ||     1
         Potion            |       |     1 ||     1
 Armour: Scale mail        |   122 |    19 ||   141
  Dodge: Dodged            |    84 |    15 ||    99

Table legend: (Time is in decaauts)
 A = Elapsed time spent in this place.
 B = Non-inter-level travel time spent in this place.
 C = Inter-level travel time spent in this place.
 D = Time resting spent in this place.
 E = Time spent auto-exploring this place.
 F = Levels seen in this place.
 G = Mean time per level.
                   A        B        C        D        E       F      G
               +--------+--------+--------+--------+--------+-----+--------+
         Total |   1399 |   1331 |     68 |      0 |   1041 |   2 |  699.5 |
       Dungeon |   1399 |   1331 |     68 |      0 |   1041 |   2 |  699.5 |
               +--------+--------+--------+--------+--------+-----+--------+

Top non-repeatable levels by time:
     D:1: 1019 daAuts
     D:2: 380 daAuts
